 Seeded DCSS version 0.29.1-15-g9cfb28693d (webtiles) character file.

Game seed: 1 (custom seed)

58282 Kazon the Fighter (level 14, -9/76 HPs)
             Began as a Vine Stalker Fighter on Mar 15, 2023.
             Was the Champion of Makhleb.
             Mangled by an entropy weaver (16 damage)
             ... on level 1 of the Spider Nest.
             The game lasted 01:22:12 (14565 turns).

Kazon the Fighter (Vine Stalker Fighter)           Turns: 14565, Time: 01:22:13

Health: -9/76      AC: -2    Str: 20      XL:     14   Next: 89%
Magic:  0/22       EV: 16    Int:  6 (10) God:    Makhleb [******]
Gold:   385        SH:  9    Dex: 20 (22) Spells: 13/13 levels left

rFire   + + +      SeeInvis +   s - +3 falchion of Winter {venom, rCorr}
rCold   + . .      Faith    .   c - +2 buckler
rNeg    . . .      Spirit   +   V - +0 troll leather armour
rPois   +          Reflect  .   k - +0 helmet
rElec   .          Harm     .   R - scarf {rC+ rF+}
rCorr   +          Rampage  .   (no gloves)
Will    +....                   l - +2 pair of boots
Stlth   +++++.....              i - amulet "Odemouw" {Contam rPois rF+++ Regen+ Stlth+}
HPRegen 2.62/turn               j - +6 ring of dexterity
MPRegen 0.18/turn               t - ring of see invisible

@: corroded
A: fangs 3, regeneration 1, magic shield, antimagic bite, no potion heal 2, high
MP 1
a: Renounce Religion, Minor Destruction, Lesser Servant of Makhleb, Major
Destruction, Greater Servant of Makhleb


You were on level 1 of the Spider Nest.
You worshipped Makhleb.
Makhleb was exalted by your worship.
You visited 4 branches of the dungeon, and saw 19 of its levels.

You collected 1345 gold pieces.
You spent 960 gold pieces at shops.

Inventory:

Hand Weapons
 a - a +1 rapier of speed
 f - the +2 Maxwell's thermic engine {flame, freeze}
   (You found it on level 1 of the Lair of Beasts)

   It burns those it strikes, dealing additional fire damage.
   Big, fiery blades are also staple armaments of hydra-hunters.
   It freezes those it strikes, dealing additional cold damage.
   It can also slow down cold-blooded creatures.
   It becomes more effective when it hits something.
   This effect fades over time.
 s - the +3 falchion of Winter (weapon) {venom, rCorr}
   (You bought it in a shop on level 3 of the Dungeon)

   It poisons the flesh of those it strikes.
   rCorr:     It protects you from acid and corrosion.
Missiles
 o - 26 boomerangs (quivered)
 r - a throwing net
 C - 6 curare-tipped darts
 K - 43 poisoned darts
Armour
 c - a +2 buckler (worn)
 k - a +0 helmet (worn)
 l - a +2 pair of boots (worn)
 R - a scarf of resistance (worn)
 V - a +0 troll leather armour (worn)
Jewellery
 i - the amulet "Odemouw" (around neck) {Contam rPois rF+++ Regen+ Stlth+}
   (You bought it in a shop on level 8 of the Dungeon)

   [amulet of regeneration]

   rF:        It renders you almost immune to fire.
   rPois:     It protects you from poison.
   Contam:    It causes magical contamination when unequipped.
   Regen:     It increases your rate of health regeneration.
   Stlth:     It makes you more stealthy.
 j - a +6 ring of dexterity (left hand)
 t - a ring of see invisible (right hand)
 A - a ring of protection from cold
 J - a ring of magical power
 P - a ring of protection from cold
Wands
 D - a wand of mindburst (34)
 E - a wand of flame (42)
 I - a wand of paralysis (22)
 M - a wand of roots (11)
 S - a wand of polymorph (11)
Scrolls
 e - a scroll of identify
 h - a scroll of acquirement
 n - 4 scrolls of immolation
 p - 2 scrolls of poison
 q - 4 scrolls of fog {unknown}
 v - a scroll of magic mapping
 w - a scroll of noise
 y - 5 scrolls of teleportation
 L - 3 scrolls of fear
 O - a scroll of summoning
 X - a scroll of silence
Potions
 b - 4 potions of berserk rage {unknown}
 d - 3 potions of might
 g - 2 potions of flight
 m - 4 potions of magic
 u - 8 potions of lignification
 x - 3 potions of haste
 z - a potion of ambrosia
 B - 3 potions of cancellation
 G - a potion of invisibility
 H - 4 potions of curing
Miscellaneous
 N - a condenser vane
 Q - a phial of floods
 U - a lightning rod (4/4)
 Y - a phantom mirror


   Skills:
 + Level 9.8 Fighting
 + Level 8.9(10.4) Short Blades
 + Level 8.6(10.3) Long Blades
 + Level 5.6 Throwing
 + Level 6.0 Armour
 + Level 6.7 Dodging
 + Level 9.2 Stealth
 + Level 9.1 Shields
 + Level 6.8 Invocations
 * Level 8.6 Evocations


You had 13 spell levels left.
You didn't know any spells.
Your spell library contained the following spells:

 Spells                   Type           Power      Damage    Failure   Level
 Apportation              Tloc           0%         N/A       56%         1
 Magic Dart               Conj           0%         1d3       56%         1
 Necrotise                Necr           0%         1d4       56%         1
 Sting                    Tmut/Pois      0%         1d3       56%         1
 Summon Small Mammal      Summ           0%         N/A       56%         1
 Call Imp                 Summ           0%         N/A       71%         2
 Poisonous Vapours        Pois/Air       0%         N/A       71%         2
 Mephitic Cloud           Conj/Pois/Air  0%         N/A       91%         3
 Ozocubu's Armour         Ice            0%         N/A       91%         3
 Animate Armour           Summ/Erth      0%         N/A       100%        4
 Olgreb's Toxic Radiance  Pois           0%         N/A       100%        4
 Blade Hands              Tmut           0%         N/A       100%        5
 Fireball                 Conj/Fire      0%         3d3       100%        5
 Iskenderun's Battlesphe  Conj           0%         2d6       100%        5
 Metabolic Englaciation   Hex/Ice        0%         N/A       100%        5
 Conjure Ball Lightning   Conj/Air       0%         3x3d6     100%        6
 Iron Shot                Conj/Erth      0%         9d1       100%        6
 Simulacrum               Ice/Necr       0%         N/A       100%        6
 Orb of Destruction       Conj           0%         9d5       100%        7
 Ozocubu's Refrigeration  Ice            0%         4d7       100%        7


Dungeon Overview and Level Annotations

Branches:
Dungeon (12/15)            Temple (1/1) D:7            Lair (5/5) D:10
 Shoals (0/4) Lair:3       Spider (1/4) Lair:3        Slime (0/5) Lair:4
    Orc (0/2) D:12

Altars:
Ashenzari
Elyvilon
Gozag
Hepliaklqana
Kikubaaqudgha
Makhleb
Okawaru
Qazlal
Uskayaw
Jiyva

Shops:
D:3 (   D:8 ?(==   D:10 :


Innate Abilities, Weirdness & Mutations

You have razor-sharp teeth.
Your natural rate of healing is unusually fast.
When hurt, damage is shared between your health and your magic reserves.
Your bite disrupts and absorbs the magic of your enemies.
Potions cannot restore your health.
You have an increased reservoir of magic. (+10% MP)


Message History

The entropy weaver is lightly wounded.
You barely miss the entropy weaver. Your bite misses the entropy weaver.
The entropy weaver is lightly wounded.
The entropy weaver hits you. The entropy weaver barely misses you.
The entropy weaver hits you. The entropy weaver hits you!
You hit the entropy weaver but do no damage.
The entropy weaver looks as sick as possible!
The entropy weaver is lightly wounded.
The entropy weaver gestures at you while chanting.
The entropic weave corrodes you! The entropy weaver hits you!
The entropy weaver misses you. The entropy weaver closely misses you.
You block the entropy weaver's attack.
You hit the entropy weaver but do no damage.
The entropy weaver looks as sick as possible!
Your bite misses the entropy weaver.
The entropy weaver is moderately wounded.
The entropy weaver hits you! You block the entropy weaver's attack.
The entropy weaver barely misses you. You block the entropy weaver's attack.
You hit the entropy weaver.
The entropy weaver looks as sick as possible!
Your bite misses the entropy weaver.
The entropy weaver is moderately wounded.
You block the entropy weaver's attack. The entropy weaver misses you.
You block the entropy weaver's attack. The entropy weaver hits you!
You hit the entropy weaver but do no damage.
The entropy weaver looks as sick as possible!
The entropy weaver is moderately wounded.
The entropy weaver barely misses you. You block the entropy weaver's attack.
The entropy weaver hits you. The entropy weaver hits you!
* * * LOW HITPOINT WARNING * * *
You closely miss the entropy weaver.
The entropy weaver is moderately wounded.
You hit the entropy weaver but do no damage.
The entropy weaver looks as sick as possible!
You bite the entropy weaver, but do no damage.
The entropy weaver is moderately wounded.
The entropy weaver hits you!
* * * LOW HITPOINT WARNING * * *
The entropy weaver barely misses you. The entropy weaver hits you!
You die...

#..........###
#####.......#.#
#.|...#..####..
#####..#######..
#....^....
###..######.
##.#.##
###....##
#@#.....###
##B.......##
##........#
#.........##
#...........
##.........#
#........##
#..........
###.....###


You could see an entropy weaver (extremely poisoned).

Vanquished Creatures
  A ghost moth (Spider:1)
  A broodmother (Spider:1)
  Nessos (D:12)
  A boulder beetle (Spider:1)
  Fannar (Lair:2)
  Erolcha (D:10)
  3 catoblepae (Lair:5)
  2 two-headed ogres
  10 death yaks
  Lodul (D:12)
  2 orb spiders (Spider:1)
  2 wolf spiders (Spider:1)
  An ugly thing (D:11)
  2 manticores
  5 black mambas
  9 cane toads
  Maggie (D:6)
  4 rime drakes
  An unseen horror (D:11)
  4 kobold demonologists (D:11)
  15 komodo dragons
  2 demonic crawlers (Spider:1)
  A tengu conjurer (D:12)
  4 trolls
  Prince Ribbit (D:9)
  16 blink frogs
  A polar bear (Lair:4)
  9 tarantellas (Spider:1)
  5 dream sheep (Lair:4)
  A snapping turtle (Lair:3)
  3 jumping spiders (Spider:1)
  2 shadows
  A vampire (D:10)
  62 yaks
  5 culicivoras (Spider:1)
  5 wyverns
  3 basilisks
  Eustachio (D:5)
  12 redbacks (Spider:1)
  2 steam dragons
  Menkaure (D:5)
  Edmund (D:6)
  2 acid dragons
  16 water moccasins
  5 orc warriors
  An ice beast (D:8)
  5 sky beasts
  2 black bears (D:6)
  5 centaurs
  7 ogres
  A wolf (D:10)
  2 phantoms (D:6)
  3 kobold brigands
  3 necrophages
  6 bullfrogs
  A gnoll sergeant (D:7)
  10 scorpions
  21 wights
  3 killer bees (D:10)
  3 electric eels
  A howler monkey (D:5)
  2 jellies (D:6)
  6 hounds
  7 orc priests
  A gnoll bouda (D:7)
  6 iguanas
  4 hell rats (Lair:3)
  4 orc wizards
  Robin (D:3)
  15 gnolls
  13 adders
  3 shadow imps
  2 white imps (D:7)
  An ufetubus (D:5)
  4 worms
  37 orcs
  11 endoplasms
  3 giant cockroaches
  16 goblins
  9 hobgoblins
  A jackal (D:4)
  27 kobolds
  A quokka (D:1)
  4 ball pythons
  4 bats
  3 frilled lizards
  6 rats
494 creatures vanquished.

Vanquished Creatures (collateral kills)
  A catoblepas (Lair:2)
  2 cane toads (Lair:2)
  A blink frog (Lair:2)
  A yak (Lair:5)
5 creatures vanquished.

Vanquished Creatures (others)
  A quokka (D:7)
  32 fungi
  41 plants
74 creatures vanquished.

Grand Total: 573 creatures vanquished

Notes
Turn   | Place    | Note
-------+----------+-------------------------------------------
     0 | D:1      | Kazon the Vine Stalker Fighter began the quest for the Orb.
     0 | D:1      | Reached XP level 1. HP: 11/11 MP: 2/2
    35 | D:1      | Identified a scroll of acquirement
    35 | D:1      | Acquired the amulet "Naku" {Reflect Dex+6 SH+5}
   121 | D:1      | Reached XP level 2. HP: 15/16 MP: 3/3
   656 | D:2      | Reached XP level 3. HP: 20/20 MP: 4/4
  1129 | D:2      | Gained mutation: Your natural rate of healing is unusually
                  | fast. [Vine Stalker growth]
  1129 | D:2      | Reached XP level 4. HP: 24/24 MP: 5/5
  1261 | D:3      | Found Umat's Antique Weapon Boutique.
  1288 | D:3      | Bought a crude falchion for 184 gold pieces
  1288 | D:3      | Identified the +3 falchion of Winter {venom, rCorr} (You
                  | bought it in a shop on level 3 of the Dungeon)
  1411 | D:3      | Noticed Robin
  1425 | D:3      | Killed Robin
  1426 | D:3      | Reached XP level 5. HP: 25/28 MP: 3/6
  1471 | D:3      | Reached skill level 1 in Dodging
  1668 | D:3      | Reached skill level 5 in Fighting
  1668 | D:3      | Reached skill level 5 in Stealth
  1668 | D:3      | Reached skill level 5 in Shields
  1668 | D:3      | Reached XP level 6. HP: 35/35 MP: 7/7
  1944 | D:4      | Reached XP level 7. HP: 39/39 MP: 8/8
  2248 | D:4      | Found a hazy altar of Hepliaklqana.
  2747 | D:5      | Entered Level 5 of the Dungeon
  2766 | D:5      | Reached skill level 5 in Long Blades
  2857 | D:5      | Gained mutation: You have razor-sharp teeth. [Vine Stalker
                  | growth]
  2857 | D:5      | Reached XP level 8. HP: 40/44 MP: 7/9
  3147 | D:5      | Noticed Eustachio
  3159 | D:5      | Killed Eustachio
  3160 | D:5      | Reached skill level 5 in Armour
  3341 | D:5      | Noticed Menkaure
  3353 | D:5      | Killed Menkaure
  3678 | D:6      | Reached skill level 1 in Evocations
  3694 | D:6      | Reached XP level 9. HP: 40/47 MP: 10/10
  3763 | D:7      | Found a staircase to the Ecumenical Temple.
  3778 | Temple   | Entered the Ecumenical Temple
  3783 | Temple   | Became a worshipper of Makhleb the Destroyer
  3824 | D:7      | Found a hide-covered altar of Uskayaw.
  3976 | D:6      | Reached skill level 1 in Invocations
  3981 | D:6      | Reached * piety under Makhleb
  4021 | D:6      | Noticed Edmund
  4043 | D:6      | Killed Edmund
  4259 | D:6      | Reached XP level 10. HP: 52/52 MP: 10/12
  4315 | D:6      | Noticed Maggie
  4336 | D:6      | Killed Maggie
  4376 | D:6      | Reached skill level 5 in Short Blades
  4798 | D:7      | Reached ** piety under Makhleb
  4977 | D:7      | Found a white marble altar of Elyvilon.
  5385 | D:8      | Found Esumer's Weapon Shop.
  5469 | D:8      | Found Quzidd's Magic Scroll Emporium.
  5474 | D:8      | Bought a scroll of teleportation for 42 gold pieces
  5616 | D:8      | Found Heidghoki's Jewellery Shop.
  6025 | D:8      | Found Zoxtaeshakh's Jewellery Boutique.
  6455 | D:9      | You fall into a shaft and drop 2 floors!
  6552 | D:11     | Noticed a kobold demonologist
  6554 | D:11     | Noticed a kobold demonologist
  6555 | D:11     | Noticed a kobold demonologist
  6556 | D:11     | Noticed a kobold demonologist
  6566 | D:11     | Killed a kobold demonologist
  6577 | D:11     | Killed a kobold demonologist
  6590 | D:11     | Killed a kobold demonologist
  6597 | D:11     | Noticed a sixfirhy
  6600 | D:11     | Killed a kobold demonologist
  6601 | D:11     | Reached XP level 11. HP: 40/56 MP: 14/14
  6638 | D:11     | Noticed a green ugly thing
  6652 | D:11     | Killed a green ugly thing
  6652 | D:11     | Reached *** piety under Makhleb
  6676 | D:10     | Entered Level 10 of the Dungeon
  6961 | D:10     | Identified the +5 long sword of the Land of Plenty {drain,
                  | Dex+3}
  6974 | D:10     | Noticed Erolcha
  6976 | D:10     | Killed Erolcha
  7049 | D:10     | Found a staircase to the Lair.
  7148 | D:9      | Noticed a two-headed ogre
  7155 | D:9      | Killed a two-headed ogre
  7208 | D:9      | Noticed Prince Ribbit
  7220 | D:9      | Killed Prince Ribbit
  7790 | D:10     | Found Juagoaq's Book Shoppe.
  7824 | D:10     | Reached **** piety under Makhleb
  8318 | D:11     | Reached skill level 5 in Dodging
  8318 | D:11     | Reached XP level 12. HP: 62/62 MP: 16/16
  8754 | D:11     | Reached skill level 5 in Evocations
  8940 | D:12     | Noticed Lodul
  8968 | D:12     | Killed Lodul
  9018 | D:12     | Noticed Nessos
  9035 | D:12     | Killed Nessos
  9036 | D:12     | Noticed a two-headed ogre
  9042 | D:12     | Killed a two-headed ogre
  9054 | D:12     | Found a staircase to the Orcish Mines.
  9169 | Lair:1   | Entered Level 1 of the Lair of Beasts
  9308 | Lair:1   | Found the +2 Maxwell's thermic engine {flame, freeze}
  9488 | Lair:1   | Reached ***** piety under Makhleb
  9831 | Lair:2   | Reached skill level 5 in Invocations
  9893 | Lair:2   | Noticed a catoblepas
  9896 | Lair:2   | Noticed Fannar
  9917 | Lair:2   | Killed a catoblepas
  9921 | Lair:2   | Killed Fannar
  9923 | Lair:2   | Reached XP level 13. HP: 27/68 MP: 10/17
 10724 | Lair:3   | You fall into a shaft and drop 2 floors!
 10724 | Lair:5   | Entered Level 5 of the Lair of Beasts
 11024 | Lair:3   | Found a hole to the Spider Nest.
 11174 | Lair:3   | Reached skill level 5 in Throwing
 11398 | Lair:3   | Found an ancient bone altar of Kikubaaqudgha.
 11608 | Lair:3   | Found a staircase to the Shoals.
 11817 | Lair:4   | Found a staircase to the Slime Pits.
 11818 | Lair:4   | Found a viscous altar of Jiyva.
 11851 | Lair:4   | Gained mutation: You have an increased reservoir of magic.
                  | (+10% MP) [potion of mutation]
 12140 | Lair:4   | Identified the +3 battleaxe "Adididghufym" {antimagic, rF+
                  | Will+}
 12328 | Lair:5   | Reached XP level 14. HP: 75/75 MP: 21/21
 13146 | Lair:5   | Reached ****** piety under Makhleb
 13683 | D:8      | Bought the amulet "Odemouw" {Contam rPois rF+++ Regen+
                  | Stlth+} for 734 gold pieces
 13799 | Spider:1 | Entered Level 1 of the Spider Nest
 14049 | Spider:1 | Noticed a broodmother
 14065 | Spider:1 | Killed a broodmother
 14366 | Spider:1 | Noticed a ghost moth
 14502 | Spider:1 | Killed a ghost moth
 14533 | Spider:1 | Noticed an entropy weaver
 14565 | Spider:1 | Mangled by an entropy weaver

Illustrated notes

Levels and vault maps discovered:
D:1:      dpeg_arrival_three_smaller_balls, layout_basic
D:2:      layout_loops_ring
D:3:      layout_basic, serial_shops, nicolae_shop_stone, st_stairs_9,
          minmay_misc_feat_doors, eino_curves_03, uniq_robin
D:4:      minmay_wonky_spiral, layout_basic,
          mainiacjoe_overflow_surrounded_room, minivault_5
D:5:      layout_cave_pods, uniq_menkaure, uniq_eustachio
D:6:      cheibrodos_barr_body, layout_basic, minmay_crystal_room,
          minmay_pentangle, uniq_maggie, uniq_edmund
D:7:      layout_cave_pools, nicolae_uskayaw_murder_on_the_dancefloor,
          elyvilon_altar_4, minmay_temple_entry_purple_smoke
D:8:      layout_basic, serial_shops, shop_statue, kennysheep_little_box, shop,
          nicolae_shop_window_shopping
D:9:      layout_cave_pools, uniq_prince_ribbit1
D:10:     layout_stronghold, erik_lair_island, serial_shops,
          nicolae_shop_statue_plus, uniq_erolcha
D:11:     layout_roguey
D:12:     layout_loops_ring, orc_0_dummy, chequers_serial_rivers_marsh,
          uniq_lodul, uniq_nessos, uniq_rupert
Temple:   nicolae_temple_bog_church
Lair:1:   layout_long_grid, fungi_pond_lemuel, cheibrodos_lair_reptile_den
Lair:2:   layout_gridlike, uniq_fannar
Lair:3:   layout_roguey, minmay_shoals_entry_hut,
          nicolae_spider_entry_non_spiders, basic_altar, serial_bayou_crossing
Lair:4:   layout_gridlike, slime_entry_1, serial_rivers,
          chequers_serial_rivers_room_a, chequers_serial_rivers_micro_c,
          chequers_serial_rivers_room_a, chequers_serial_rivers_micro_e,
          minivault_27, grunt_megastairs_3, infiniplex_staircase_pool_2
Lair:5:   evilmike_catoblepas_cave, layout_long_grid
Spider:1: layout_chambers, nicolae_spider_undead_wolf_pack

Skill      XL: |  1  2  3  4  5  6  7  8  9 10 11 12 13 14 |
---------------+-------------------------------------------+-----
Fighting       | 3 5 6 8 9 |  9.8
Long Blades    | 2 4 5 6 7 8 |  8.6
Shields        | 3 5 6 7 8 9 |  9.1
Armour         | 3 4 5 6 |  6.0
Dodging        | 3 4 5 6 |  6.7
Short Blades   | 3 4 5 6 7 8 |  8.9
Throwing       | 3 4 5 |  5.6
Stealth        | 5 6 7 8 9 |  9.2
Evocations     | 1 2 3 4 6 7 8 |  8.6
Invocations    | 1 3 4 5 6 |  6.8

Action                   |  1- 3 |  4- 6 |  7- 9 | 10-12 | 13-15 || total
-------------------------+-------+-------+-------+-------+-------++-------
Melee: Long sword        |    67 |       |       |       |       ||    67
       Bite              |    15 |    21 |   111 |   314 |   269 ||   730
       Dagger            |     4 |    59 |   153 |       |       ||   216
       Falchion          |       |    17 |    57 |   213 |   149 ||   436
       Rapier            |       |       |    82 |   540 |   347 ||   969
       Double sword      |       |       |       |     7 |   132 ||   139
Throw: Stone             |     4 |    21 |    27 |    66 |       ||   118
       Boomerang         |       |     4 |     1 |       |     7 ||    12
       Dart              |       |       |       |    14 |    52 ||    66
Invok: Minor Destruction |       |       |       |    28 |    62 ||    90
       Lesser Servant of |       |       |       |     2 |     1 ||     3
Evoke: Wand              |       |       |       |    13 |     1 ||    14
       Lightning rod     |       |       |       |       |     7 ||     7
       Condenser vane    |       |       |       |       |     2 ||     2
  Use: Scroll            |     1 |       |     3 |    10 |     8 ||    22
       Potion            |       |     1 |     3 |       |     1 ||     5
 Stab: Sleeping          |       |     1 |     5 |    11 |    16 ||    33
       Distracted        |       |       |     1 |     3 |     3 ||     7
       Paralysed         |       |       |       |     3 |       ||     3
Armor: Scale mail        |    29 |    18 |    23 |       |       ||    70
       Leather armour    |       |       |    36 |    66 |       ||   102
       Troll leather arm |       |       |       |    48 |    64 ||   112
Dodge: Dodged            |    21 |    18 |    88 |   218 |   199 ||   544
Block: Buckler           |    27 |    33 |   106 |   291 |   263 ||   720
       Reflection        |     1 |       |     5 |     5 |       ||    11
